 Dungeon Crawl Stone Soup version 0.26-a0-606-g3c8f2f6 (webtiles) character file.

Game seed: 17112683528090817732

103 DrKleor the Covert (level 4, 0/41 HPs)
             Began as a Gnoll Delver on Sept 1, 2020.
             Slain by an ufetubus (3 damage)
             ... on level 5 of the Dungeon.
             The game lasted 00:01:30 (230 turns).

DrKleor the Covert (Gnoll Delver)                    Turns: 230, Time: 00:01:32

Health: 0/41       AC:  8    Str: 16    XL:     4   Next: 79%
Magic:  5/5        EV:  9    Int: 12    God:
Gold:   0          SH:  0    Dex: 16    Spells: 5/5 levels left

rFire    . . .     SeeInvis .   j - +0 flail
rCold    . . .     Faith    .   (no shield)
rNeg     . . .     Spirit   .   i - +0 chain mail
rPois    .         Reflect  .   (no helmet)
rElec    .         Harm     .   (no cloak)
rCorr    .                      (no gloves)
MR       .....                  (no boots)
Stlth    ..........             (no amulet)
HPRegen  0.13/turn              h - ring of attention (curse)
MPRegen  0.09/turn              (no ring)

@: lethally poisoned (0 -> -3)
A: distributed training, fangs 1, strong nose
a: no special abilities


You were on level 5 of the Dungeon.
You visited 1 branch of the dungeon, and saw 1 of its levels.

Inventory:

Hand Weapons
 a - a +0 mace
 j - a +0 flail (weapon)
Armour
 b - a +0 leather armour
 i - a +0 chain mail (worn)
Jewellery
 h - a cursed ring of attention (left hand)
Wands
 g - a wand of digging (3)
Scrolls
 c - a scroll of fog
 d - a scroll of magic mapping
 e - a scroll of fear
Potions
 f - a potion of haste
 k - 2 potions of brilliance {unknown}


   Skills:
 + Level 6.6 Fighting
 + Level 1.2 Short Blades
 + Level 1.2 Long Blades
 + Level 1.2 Axes
 + Level 4.7 Maces & Flails
 + Level 1.2 Polearms
 + Level 1.2 Staves
 + Level 1.2 Slings
 + Level 1.2 Bows
 + Level 1.2 Crossbows
 + Level 1.2 Throwing
 + Level 1.2 Armour
 + Level 4.7 Dodging
 + Level 9.6 Stealth
 + Level 1.2 Shields
 + Level 1.2 Unarmed Combat
 + Level 1.2 Spellcasting
 + Level 1.0 Conjurations
 + Level 1.0 Hexes
 + Level 1.0 Summonings
 + Level 1.0 Necromancy
 + Level 1.0 Translocations
 + Level 1.0 Transmutations
 + Level 1.0 Fire Magic
 + Level 1.0 Ice Magic
 + Level 1.0 Air Magic
 + Level 1.0 Earth Magic
 + Level 1.0 Poison Magic
 + Level 1.3 Invocations
 + Level 1.2 Evocations


You had 5 spell levels left.
You didn't know any spells.
Your spell library was empty.

Dungeon Overview and Level Annotations

Branches:
Dungeon (5/15)
 Temple: D:4-7

Altars:


Innate Abilities, Weirdness & Mutations

Your experience applies equally to all skills.
You have very sharp teeth.
Your uncanny sense of smell can sniff out nearby items.


Message History

The worker ant is heavily wounded.
The ufetubus barely misses you.
The ufetubus hits you but does no damage.
The worker ant bites you but does no damage.
You closely miss the worker ant.
The worker ant is heavily wounded.
You feel sick. The ufetubus hits you.
* * * LOW HITPOINT WARNING * * *
The ufetubus hits you.
* * * LOW HITPOINT WARNING * * *
The worker ant bites you but does no damage.
The ufetubus hits you but does no damage.
The ufetubus barely misses you.
You hit the worker ant.
You bite the worker ant, but do no damage.
The worker ant is severely wounded.
The worker ant bites you.
* * * LOW HITPOINT WARNING * * *
The ufetubus barely misses you. The ufetubus hits you.
You die...

###.# ∆...# #.# ..
∆ ...# #.# ###.#
.... ... >... ...#
##.##..# #.####
#......#
###....###......#
#........#)5a...#
#........#.@....#
#........#......##.
#........#...?.....
#................#.
#.........###.##.#
..a..#.........# .#
# .....#)........#
##
.....###.#####...
.....###.# #####


You could see a worker ant and an ufetubus.

Vanquished Creatures
  An ice beast (D:5)
  An adder (D:5)
  A shadow imp (D:5)
3 creatures vanquished.

Notes
Turn   | Place    | Note
-------+----------+-------------------------------------------
     0 | D:5      | Reached skill level 9 in Stealth
     0 | D:5      | DrKleor the Gnoll Delver began the quest for the Orb.
     0 | D:5      | Reached XP level 1. HP: 23/23 MP: 1/1
   101 | D:5      | Noticed a worker ant
   113 | D:5      | Noticed a worker ant
   113 | D:5      | Noticed an ice beast
   125 | D:5      | Reached XP level 2. HP: 28/29 MP: 2/2
   134 | D:5      | Killed an ice beast
   134 | D:5      | Reached skill level 1 in Short Blades
   134 | D:5      | Reached skill level 1 in Long Blades
   134 | D:5      | Reached skill level 1 in Axes
   134 | D:5      | Reached skill level 1 in Polearms
   134 | D:5      | Reached skill level 1 in Staves
   134 | D:5      | Reached skill level 1 in Slings
   134 | D:5      | Reached skill level 1 in Bows
   134 | D:5      | Reached skill level 1 in Crossbows
   134 | D:5      | Reached skill level 1 in Throwing
   134 | D:5      | Reached skill level 1 in Armour
   134 | D:5      | Reached skill level 1 in Shields
   134 | D:5      | Reached skill level 1 in Unarmed Combat
   134 | D:5      | Reached skill level 1 in Spellcasting
   134 | D:5      | Reached skill level 1 in Conjurations
   134 | D:5      | Reached skill level 1 in Hexes
   134 | D:5      | Reached skill level 1 in Summonings
   134 | D:5      | Reached skill level 1 in Necromancy
   134 | D:5      | Reached skill level 1 in Translocations
   134 | D:5      | Reached skill level 1 in Transmutations
   134 | D:5      | Reached skill level 1 in Fire Magic
   134 | D:5      | Reached skill level 1 in Ice Magic
   134 | D:5      | Reached skill level 1 in Air Magic
   134 | D:5      | Reached skill level 1 in Earth Magic
   134 | D:5      | Reached skill level 1 in Poison Magic
   134 | D:5      | Reached skill level 1 in Invocations
   134 | D:5      | Reached skill level 1 in Evocations
   134 | D:5      | Reached XP level 3. HP: 27/35 MP: 2/4
   134 | D:5      | Reached XP level 4. HP: 32/41 MP: 2/5
   230 | D:5      | Slain by an ufetubus

Illustrated notes

Levels and vault maps discovered:
D:5:      layout_basic, uniq_menkaure

Skill      XL: |  1  2 |
---------------+-------+-----
Stealth        | |  9.6
Short Blades   | 1 |  1.2
Long Blades    | 1 |  1.2
Axes           | 1 |  1.2
Polearms       | 1 |  1.2
Staves         | 1 |  1.2
Slings         | 1 |  1.2
Bows           | 1 |  1.2
Crossbows      | 1 |  1.2
Throwing       | 1 |  1.2
Armour         | 1 |  1.2
Shields        | 1 |  1.2
Unarmed Combat | 1 |  1.2
Spellcasting   | 1 |  1.2
Conjurations   | 1 |  1.0
Hexes          | 1 |  1.0
Summonings     | 1 |  1.0
Necromancy     | 1 |  1.0
Translocations | 1 |  1.0
Transmutations | 1 |  1.0
Fire Magic     | 1 |  1.0
Ice Magic      | 1 |  1.0
Air Magic      | 1 |  1.0
Earth Magic    | 1 |  1.0
Poison Magic   | 1 |  1.0
Invocations    | 1 |  1.3
Evocations     | 1 |  1.2
Fighting       | |  6.6
Maces & Flails | |  4.7
Dodging        | |  4.7

Action                   |  1- 3 |  4- 6 || total
-------------------------+-------+-------++-------
Melee: Flail             |    13 |    19 ||    32
       Bite              |     1 |     2 ||     3
Armor: Leather armour    |     4 |       ||     4
       Chain mail        |       |    28 ||    28
Dodge: Dodged            |     9 |    32 ||    41

Table legend: (Time is in decaauts)
 A = Elapsed time spent in this place.
 B = Non-inter-level travel time spent in this place.
 C = Inter-level travel time spent in this place.
 D = Time resting spent in this place.
 E = Time spent auto-exploring this place.
 F = Levels seen in this place.
 G = Mean time per level.
                   A        B        C        D        E       F      G
               +--------+--------+--------+--------+--------+-----+--------+
         Total |    234 |    207 |     27 |     33 |      0 |   1 |  234.0 |
       Dungeon |    234 |    207 |     27 |     33 |      0 |   1 |  234.0 |
               +--------+--------+--------+--------+--------+-----+--------+

Top non-repeatable levels by time:
     D:5: 234 daAuts
